 Dungeon Crawl Stone Soup version 0.27.0-1-g7a089689b8 (webtiles) character file.

Game seed: 3204413342500584144

41 robertstho the Chiller (level 3, 0/25 HPs)
             Began as a Gnoll Ice Elementalist on Aug 4, 2021.
             Slain by an adder (3 damage)
             ... on level 2 of the Dungeon.
             The game lasted 00:01:31 (1504 turns).

robertstho the Chiller (Gnoll Ice Elementalist)     Turns: 1504, Time: 00:01:32

Health: 0/25       AC:  4    Str:  7    XL:     3   Next: 52%
Magic:  9/9        EV: 13    Int: 15    God:
Gold:   102        SH:  0    Dex: 12    Spells: 5/12 levels left

rFire    . . .     SeeInvis .   i - +2 dagger (venom)
rCold    . . .     Faith    .   (no shield)
rNeg     . . .     Spirit   .   a - +0 robe
rPois    .         Reflect  .   g - +0 helmet
rElec    .         Harm     .   b - +0 cloak
rCorr    .         Rampage  .   (no gloves)
Will     .....                  (no boots)
Stlth    ++........             (no amulet)
HPRegen  0.08/turn              d - ring of flight
MPRegen  0.11/turn              (no ring)

@: brilliant, lethally poisoned (0 -> -6), flying
A: fangs 1, strong nose, distributed training
a: no special abilities


You were on level 2 of the Dungeon.
You visited 1 branch of the dungeon, and saw 2 of its levels.

You collected 102 gold pieces.

Inventory:

Hand Weapons
 i - a +2 dagger of venom (weapon)
Armour
 a - a +0 robe (worn)
 b - a +0 cloak (worn)
 g - a +0 helmet (worn)
Jewellery
 d - a ring of flight (left hand)
Scrolls
 c - a scroll of identify {unknown}
 e - a scroll of amnesia {unknown}
 f - a scroll of noise {unknown}
 h - 2 scrolls of enchant armour {unknown}
 k - a scroll of enchant weapon {unknown}


   Skills:
 + Level 0.8 Fighting
 + Level 0.8 Short Blades
 + Level 0.8 Long Blades
 + Level 0.8 Axes
 + Level 0.8 Maces & Flails
 + Level 0.8 Polearms
 + Level 0.8 Staves
 + Level 0.8 Slings
 + Level 0.8 Bows
 + Level 0.8 Crossbows
 + Level 0.8 Throwing
 + Level 0.8 Armour
 + Level 4.5 Dodging
 + Level 4.1 Stealth
 + Level 0.8 Shields
 + Level 0.8 Unarmed Combat
 + Level 5.0 Spellcasting
 + Level 0.5 Conjurations
 + Level 0.5 Hexes
 + Level 0.5 Summonings
 + Level 0.5 Necromancy
 + Level 0.5 Translocations
 + Level 0.5 Transmutations
 + Level 0.5 Fire Magic
 + Level 7.1 Ice Magic
 + Level 0.5 Air Magic
 + Level 0.5 Earth Magic
 + Level 0.5 Poison Magic
 + Level 1.0 Invocations
 + Level 0.8 Evocations


You had 5 spell levels left.
You knew the following spells:

 Your Spells              Type           Power      Damage    Failure   Level
a - Freeze                Ice            100%       1d11      1%          1
b - Frozen Ramparts       Ice            74%        1d9       2%          3
c - Ozocubu's Armour      Ice            37%        N/A       2%          3

Your spell library contained the following spells:

 Spells                   Type           Power      Damage    Failure   Level
 Ensorcelled Hibernation  Hex/Ice        44%        N/A       4%          2
 Corona                   Hex            8%         N/A       13%         1
 Hailstorm                Conj/Ice       22%        3d7       32%         4
 Tukima's Dance           Hex            8%         N/A       36%         3


Dungeon Overview and Level Annotations

Branches:
Dungeon (2/15)

Altars:


Innate Abilities, Weirdness & Mutations

You have very sharp teeth.
Your uncanny sense of smell can sniff out nearby items.
Your experience applies equally to all skills.


Message History

The kobold is severely wounded.
The adder bites you.
You are poisoned.
The adder poisons you! The kobold hits you but does no damage.
You closely miss the kobold.
The kobold is severely wounded.
You feel sick.
You kill the kobold!
The bat hits you but does no damage. The adder closely misses you.
The adder misses you.
You barely miss the adder.
You feel sick. The adder bites you but does no damage.
The adder barely misses you. The adder bites you.
You are more poisoned.
The adder poisons you! The adder barely misses you.
You hit the adder.
The adder is moderately wounded.
You feel sick. The bat hits you but does no damage.
The bat completely misses you. The adder bites you.
You are more poisoned.
The adder poisons you! The adder misses you.
Unknown command.
You feel very sick. The bat barely misses you.
Things that are here:
a +0 whip; 4 stones; a kobold corpse You feel sick.
The bat closely misses you. The adder bites you but does no damage.
The adder bites you.
* * * LOW HITPOINT WARNING * * *
You are lethally poisoned!
The adder poisons you!
* * * LOW HITPOINT WARNING * * *
You feel sick. The bat misses you.
* * * LOW HITPOINT WARNING * * *
You feel sick. The bat hits you but does no damage. The bat closely misses you.
It was a potion of brilliance.
You feel clever all of a sudden.
* * * LOW HITPOINT WARNING * * *
You feel sick. The bat barely misses you. The adder bites you.
You die...

... .. ### ##### .###. #
# #.... ..... . #.
#.#.#.. .... #
#.##.#.#.##..# #
............# #
.#.?........# #
........@...# #..#####
#.#..#S#####.# #.......
#.#..........# #.##....
#...b).####### #.##.###
#.......# #.##.#..
#.......##### #.##.#.#
#...........#####.##.#.#
#.........#.##.......#.#
#.................####.#


You could see an adder and a bat.

Vanquished Creatures
  2 dart slugs (D:2)
  2 ball pythons (D:1)
  4 bats
  2 giant cockroaches (D:1)
  3 goblins (D:1)
  3 hobgoblins (D:1)
  3 jackals (D:2)
  3 kobolds
  4 quokkas
  3 frilled lizards (D:1)
  3 rats
32 creatures vanquished.

Notes
Turn   | Place    | Note
-------+----------+-------------------------------------------
     0 | D:1      | robertstho the Gnoll Ice Elementalist began the quest for
                  | the Orb.
     0 | D:1      | Reached XP level 1. HP: 13/13 MP: 6/6
   110 | D:1      | Found a faded altar of an unknown god.
   244 | D:1      | Reached XP level 2. HP: 19/19 MP: 3/7
  1012 | D:1      | Reached XP level 3. HP: 25/25 MP: 9/9
  1255 | D:2      | Reached skill level 5 in Spellcasting
  1385 | D:2      | Learned a level 3 spell: Frozen Ramparts
  1389 | D:2      | Learned a level 3 spell: Ozocubu's Armour
  1431 | D:2      | Reached skill level 1 in Invocations
  1504 | D:2      | Slain by an adder

Illustrated notes

Levels and vault maps discovered:
D:1:      dpeg_arrival_water_fire, layout_basic,
          ebering_ecumenical_altar_sacrificial, st_stairs_6
D:2:      layout_loops_ring

Skill      XL: |  1  2  3 |
---------------+----------+-----
Spellcasting   | 5 |  5.0
Invocations    | 1 |  1.0
Fighting       | |  0.8
Short Blades   | |  0.8
Long Blades    | |  0.8
Axes           | |  0.8
Maces & Flails | |  0.8
Polearms       | |  0.8
Staves         | |  0.8
Slings         | |  0.8
Bows           | |  0.8
Crossbows      | |  0.8
Throwing       | |  0.8
Armour         | |  0.8
Dodging        | |  4.5
Stealth        | |  4.1
Shields        | |  0.8
Unarmed Combat | |  0.8
Conjurations   | |  0.5
Hexes          | |  0.5
Summonings     | |  0.5
Necromancy     | |  0.5
Translocations | |  0.5
Transmutations | |  0.5
Fire Magic     | |  0.5
Ice Magic      | |  7.1
Air Magic      | |  0.5
Earth Magic    | |  0.5
Poison Magic   | |  0.5
Evocations     | |  0.8

Action                   || total
-------------------------++-------
Melee: Unarmed           ||     9
       Bite              ||     4
       Dagger            ||    61
 Cast: Freeze            ||    17
  Use: Potion            ||     1
 Stab: Sleeping          ||     4
Armor: Robe              ||    27
Dodge: Dodged            ||    78
